[ AOE2 MATCH · #505525447 ]
UnrankedBohemians vs Vikings
Player's team · LOSS
Rival team · WIN
[ REPLAY ANALYSIS · EXTRACTED FROM THE RECORDED GAME ]
Feudal
8:58
Castle
20:27
Imperial
—
| APM avg | 45.1 |
| APM peak | 80 |
| eAPM avg | 20.8 |
| Villagers / military | 96 / 66 |
Focus
⚔️ 33.7% · 🌾 66.3%
Archer ×47 · Mangonel ×17 · Skirmisher ×2
Feudal
10:56
Castle
21:34
Imperial
—
| APM avg | 81.4 |
| APM peak | 132 |
| eAPM avg | 38.9 |
| Villagers / military | 170 / 140 |
Focus
⚔️ 49.5% · 🌾 50.5%
Skirmisher ×59 · Archer ×58 · Mangonel ×17 · Militia ×6
Match map
Initial resources + every placement click. Lines = walls · curves = elevation contours. ◆ gold · ⬟ stone · ● berries · ✦ relic · ◌ wall gap
Your base· Open — unwalled flank
RD | Kiko's base· Open — unwalled flank
Smoothed initial terrain · ◌ = detected wall gap · hover for details
Inputs per minute
— [CL] el castigador - - RD | Kiko
Build order — [CL] el castigador
First 150 of 258 actions detected
| 0:00 | Queue | Villager (Male) |
| 0:00 | Queue | Villager (Male) |
| 0:01 | Queue | Villager (Male) |
| 0:02 | Build | House |
| 0:02 | Build | House |
| 0:11 | Queue | Villager (Male) |
| 0:11 | Queue | Villager (Male) |
| 1:23 | Queue | Villager (Male) |
| 1:23 | Queue | Villager (Male) |
| 1:51 | Queue | Villager (Male) |
| 2:08 | Build | Lumber Camp |
| 2:20 | Queue | Villager (Male) |
| 2:32 | Queue | Villager (Male) |
| 2:32 | Queue | Villager (Male) |
| 2:52 | Queue | Villager (Male) |
| 2:53 | Queue | Villager (Male) |
| 3:19 | Queue | Villager (Male) |
| 3:43 | Queue | Villager (Male) |
| 3:52 | Build | House |
| 4:26 | Queue | Villager (Male) |
| 4:27 | Queue | Villager (Male) |
| 4:29 | Queue | Villager (Male) |
| 4:30 | Queue | Villager (Male) |
| 4:32 | Build | Mill |
| 4:46 | Queue | Villager (Male) |
| 4:46 | Queue | Villager (Male) |
| 5:10 | Queue | Villager (Male) |
| 5:12 | Research | Loom |
| 6:01 | Build | Mining Camp |
| 6:10 | Queue | Villager (Male) |
| 6:48 | Research | Feudal Age |
| 7:53 | Build | House |
| 8:23 | Queue | Villager (Male) |
| 8:27 | Build | Barracks |
| 8:46 | Build | Palisade Wall |
| 8:51 | Queue | Villager (Male) |
| 8:58 | Age | Feudal Age |
| 9:10 | Queue | Villager (Male) |
| 9:17 | Build | Archery Range |
| 9:24 | Research | Double-Bit Axe |
| 9:48 | Queue | Archer |
| 9:48 | Queue | Archer |
| 9:56 | Queue | Villager (Male) |
| 10:04 | Build | House |
| 10:05 | Build | House |
| 10:17 | Queue | Villager (Male) |
| 10:39 | Queue | Villager (Male) |
| 10:45 | Build | Blacksmith |
| 10:49 | Build | Mill |
| 10:50 | Queue | Villager (Male) |
| 10:55 | Queue | Archer |
| 11:10 | Queue | Villager (Male) |
| 11:15 | Build | House |
| 11:22 | Queue | Villager (Male) |
| 11:35 | Research | Fletching |
| 11:37 | Queue | Archer |
| 11:46 | Build | Palisade Wall |
| 11:51 | Build | Palisade Wall |
| 11:55 | Build | Palisade Wall |
| 11:59 | Queue | Villager (Male) |
| 12:00 | Queue | Archer |
| 12:01 | Queue | Archer |
| 12:09 | Build | House |
| 12:24 | Queue | Villager (Male) |
| 12:31 | Build | House |
| 12:36 | Build | House |
| 12:40 | Queue | Villager (Male) |
| 12:53 | Queue | Archer |
| 12:53 | Queue | Archer |
| 12:54 | Queue | Villager (Male) |
| 13:06 | Build | Palisade Wall |
| 13:08 | Build | Farm |
| 13:08 | Build | Farm |
| 13:08 | Build | Farm |
| 13:09 | Build | Farm |
| 13:09 | Build | Farm |
| 13:11 | Build | Palisade Wall |
| 13:21 | Queue | Villager (Male) |
| 13:44 | Build | Farm |
| 13:45 | Build | Farm |
| 13:54 | Queue | Villager (Male) |
| 13:55 | Queue | Archer |
| 14:06 | Queue | Villager (Male) |
| 14:15 | Build | House |
| 14:18 | Build | House |
| 14:22 | Queue | Villager (Male) |
| 14:31 | Build | Farm |
| 14:33 | Build | Farm |
| 14:50 | Queue | Villager (Male) |
| 14:55 | Queue | Villager (Male) |
| 15:01 | Build | Mining Camp |
| 15:37 | Queue | Villager (Male) |
| 15:42 | Build | Market |
| 15:48 | Build | House |
| 15:50 | Build | Palisade Wall |
| 16:19 | Queue | Villager (Male) |
| 16:27 | Queue | Archer |
| 16:54 | Build | House |
| 16:58 | Queue | Villager (Male) |
| 17:00 | Queue | Skirmisher |
| 17:00 | Queue | Skirmisher |
| 17:23 | Build | Lumber Camp |
| 17:28 | Queue | Villager (Male) |
| 17:47 | Research | Castle Age |
| 17:58 | Build | House |
| 18:26 | Queue | Villager (Male) |
| 18:31 | Build | Palisade Wall |
| 19:07 | Build | House |
| 19:31 | Build | Archery Range |
| 19:37 | Build | Lumber Camp |
| 19:45 | Queue | Archer |
| 19:45 | Queue | Archer |
| 19:51 | Build | House |
| 19:56 | Research | Horse Collar |
| 20:03 | Research | Town Watch |
| 20:23 | Queue | Archer |
| 20:23 | Queue | Archer |
| 20:27 | Age | Castle Age |
| 20:28 | Research | Bodkin Arrow |
| 20:29 | Research | Bodkin Arrow |
| 20:42 | Build | Siege Workshop |
| 20:56 | Research | Crossbowman (upgrade) |
| 20:57 | Research | Crossbowman (upgrade) |
| 21:01 | Build | Farm |
| 21:02 | Build | Farm |
| 21:07 | Queue | Villager (Male) |
| 21:26 | Queue | Archer |
| 21:26 | Queue | Archer |
| 21:26 | Queue | Archer |
| 21:28 | Build | House |
| 21:42 | Build | House |
| 21:42 | Queue | Villager (Male) |
| 21:52 | Build | University |
| 22:00 | Queue | Archer |
| 22:00 | Queue | Archer |
| 22:08 | Build | House |
| 22:18 | Queue | Villager (Male) |
| 22:23 | Research | Padded Archer Armor |
| 22:26 | Queue | Archer |
| 22:27 | Queue | Archer |
| 22:41 | Research | Ballistics |
| 22:45 | Queue | Villager (Male) |
| 23:20 | Queue | Villager (Male) |
| 23:22 | Queue | Archer |
| 23:22 | Queue | Archer |
| 23:22 | Queue | Archer |
| 23:46 | Queue | Villager (Male) |
| 23:47 | Queue | Archer |
| 23:47 | Queue | Archer |
| 24:10 | Queue | Archer |
Build order — RD | Kiko
First 150 of 471 actions detected
| 0:00 | Queue | Villager (Male) |
| 0:01 | Queue | Villager (Male) |
| 0:02 | Build | House |
| 0:02 | Build | House |
| 0:11 | Queue | Villager (Male) |
| 0:12 | Queue | Villager (Male) |
| 1:28 | Queue | Villager (Male) |
| 1:29 | Queue | Villager (Male) |
| 2:00 | Queue | Villager (Male) |
| 2:00 | Queue | Villager (Male) |
| 2:03 | Build | Lumber Camp |
| 2:16 | Queue | Villager (Male) |
| 2:49 | Queue | Villager (Male) |
| 2:49 | Queue | Villager (Male) |
| 3:08 | Queue | Villager (Male) |
| 3:09 | Queue | Villager (Male) |
| 3:35 | Queue | Villager (Male) |
| 3:49 | Build | House |
| 4:02 | Queue | Villager (Male) |
| 4:26 | Queue | Villager (Male) |
| 4:33 | Build | Barracks |
| 4:51 | Queue | Villager (Male) |
| 5:01 | Build | House |
| 5:13 | Queue | Villager (Male) |
| 5:28 | Queue | Militia |
| 5:28 | Queue | Militia |
| 5:43 | Build | House |
| 5:47 | Queue | Villager (Male) |
| 6:00 | Research | Loom |
| 6:00 | Research | Loom |
| 6:01 | Queue | Militia |
| 6:01 | Queue | Militia |
| 6:05 | Build | House |
| 6:06 | Queue | Villager (Male) |
| 6:06 | Queue | Villager (Male) |
| 6:21 | Build | Palisade Wall |
| 6:43 | Queue | Villager (Male) |
| 6:44 | Queue | Villager (Male) |
| 7:05 | Build | Mill |
| 7:09 | Build | Palisade Wall |
| 7:36 | Queue | Villager (Male) |
| 8:15 | Queue | Villager (Male) |
| 8:28 | Build | Mill |
| 8:44 | Research | Feudal Age |
| 8:44 | Research | Feudal Age |
| 8:53 | Build | Palisade Wall |
| 8:54 | Build | Palisade Wall |
| 8:55 | Build | Palisade Wall |
| 9:30 | Build | Mining Camp |
| 9:33 | Build | Lumber Camp |
| 9:52 | Build | Farm |
| 10:08 | Queue | Militia |
| 10:13 | Build | Farm |
| 10:32 | Build | House |
| 10:33 | Build | Palisade Wall |
| 10:34 | Queue | Militia |
| 10:39 | Build | Farm |
| 10:43 | Queue | Villager (Male) |
| 10:56 | Age | Feudal Age |
| 11:03 | Research | Man-at-Arms (upgrade) |
| 11:03 | Research | Man-at-Arms (upgrade) |
| 11:07 | Research | Double-Bit Axe |
| 11:08 | Research | Double-Bit Axe |
| 11:15 | Build | House |
| 11:17 | Build | Palisade Wall |
| 11:22 | Queue | Villager (Male) |
| 11:22 | Queue | Villager (Male) |
| 11:41 | Queue | Villager (Male) |
| 11:41 | Queue | Villager (Male) |
| 11:42 | Build | Farm |
| 11:59 | Queue | Villager (Male) |
| 11:59 | Queue | Villager (Male) |
| 12:04 | Build | Archery Range |
| 12:07 | Build | Palisade Wall |
| 12:12 | Build | Palisade Wall |
| 12:16 | Queue | Villager (Male) |
| 12:17 | Queue | Villager (Male) |
| 12:42 | Queue | Archer |
| 12:51 | Build | Palisade Wall |
| 12:57 | Build | Farm |
| 13:01 | Build | Farm |
| 13:04 | Queue | Villager (Male) |
| 13:05 | Queue | Archer |
| 13:20 | Queue | Villager (Male) |
| 13:25 | Build | House |
| 13:31 | Build | Farm |
| 13:47 | Build | Farm |
| 13:50 | Build | Farm |
| 13:52 | Queue | Archer |
| 13:59 | Queue | Villager (Male) |
| 14:00 | Build | Farm |
| 14:05 | Queue | Archer |
| 14:15 | Build | Blacksmith |
| 14:24 | Queue | Archer |
| 14:28 | Queue | Archer |
| 14:28 | Queue | Archer |
| 14:30 | Queue | Villager (Male) |
| 14:31 | Queue | Villager (Male) |
| 14:36 | Queue | Villager (Male) |
| 14:55 | Research | Fletching |
| 14:55 | Research | Fletching |
| 14:56 | Queue | Archer |
| 14:57 | Queue | Villager (Male) |
| 14:59 | Build | Farm |
| 15:08 | Build | Farm |
| 15:09 | Build | Farm |
| 15:11 | Queue | Archer |
| 15:11 | Queue | Archer |
| 15:19 | Build | House |
| 15:29 | Queue | Villager (Male) |
| 15:29 | Queue | Villager (Male) |
| 15:31 | Queue | Archer |
| 15:46 | Build | Farm |
| 15:47 | Queue | Villager (Male) |
| 15:47 | Queue | Villager (Male) |
| 15:48 | Queue | Villager (Male) |
| 15:51 | Queue | Archer |
| 15:58 | Queue | Archer |
| 16:09 | Queue | Villager (Male) |
| 16:14 | Queue | Archer |
| 16:32 | Queue | Villager (Male) |
| 16:48 | Queue | Villager (Male) |
| 16:58 | Queue | Archer |
| 17:03 | Queue | Villager (Male) |
| 17:03 | Queue | Archer |
| 17:27 | Build | House |
| 17:30 | Queue | Villager (Male) |
| 17:43 | Build | House |
| 18:04 | Queue | Archer |
| 18:09 | Build | Farm |
| 18:53 | Build | Archery Range |
| 18:54 | Research | Castle Age |
| 18:54 | Research | Castle Age |
| 19:22 | Queue | Archer |
| 19:22 | Queue | Archer |
| 19:30 | Queue | Archer |
| 19:30 | Queue | Archer |
| 19:31 | Queue | Archer |
| 19:40 | Build | Farm |
| 19:41 | Build | Farm |
| 19:46 | Queue | Archer |
| 19:46 | Queue | Archer |
| 19:48 | Research | Padded Archer Armor |
| 19:48 | Research | Padded Archer Armor |
| 19:49 | Research | Gold Mining |
| 19:50 | Research | Gold Mining |
| 19:52 | Research | Horse Collar |
| 19:58 | Queue | Archer |
| 19:59 | Queue | Archer |
| 20:05 | Build | Farm |
Match timeline
| 4:33 | RD | Kiko · first_building Barracks |
| 6:21 | RD | Kiko · wall_segment Palisade Wall x3 |
| 7:09 | RD | Kiko · wall_segment Palisade Wall x12 |
| 8:27 | [CL] el castigador · first_building Barracks |
| 8:46 | [CL] el castigador · wall_segment Palisade Wall x1 |
| 8:53 | RD | Kiko · wall_segment Palisade Wall x1 |
| 8:54 | RD | Kiko · wall_segment Palisade Wall x1 |
| 8:55 | RD | Kiko · wall_segment Palisade Wall x1 |
| 8:58 | [CL] el castigador · age_up feudal |
| 9:17 | [CL] el castigador · first_building Archery Range |
| 10:33 | RD | Kiko · wall_segment Palisade Wall x1 |
| 10:56 | RD | Kiko · age_up feudal |
| 11:17 | RD | Kiko · wall_segment Palisade Wall x3 |
| 11:46 | [CL] el castigador · wall_segment Palisade Wall x1 |
| 11:51 | [CL] el castigador · wall_segment Palisade Wall x4 |
| 11:55 | [CL] el castigador · wall_segment Palisade Wall x3 |
| 12:04 | RD | Kiko · first_building Archery Range |
| 12:07 | RD | Kiko · wall_segment Palisade Wall x1 |
| 12:12 | RD | Kiko · wall_segment Palisade Wall x1 |
| 12:51 | RD | Kiko · wall_segment Palisade Wall x1 |
| 13:06 | [CL] el castigador · wall_segment Palisade Wall x1 |
| 13:11 | [CL] el castigador · wall_segment Palisade Wall x10 |
| 15:50 | [CL] el castigador · wall_segment Palisade Wall x7 |
| 17:34 | [CL] el castigador · first_market_buy 100 food |
| 17:37 | [CL] el castigador · first_market_sell 100 stone |
| 18:31 | [CL] el castigador · wall_segment Palisade Wall x1 |
| 20:27 | [CL] el castigador · age_up castle |
| 20:42 | [CL] el castigador · first_building Siege Workshop |
| 21:34 | RD | Kiko · age_up castle |
| 26:13 | RD | Kiko · first_building Siege Workshop |
| 28:48 | [CL] el castigador · first_building Monastery |
| 36:41 | [CL] el castigador · first_building Castle |
| 37:00 | RD | Kiko · first_building Castle |
| 38:45 | [CL] el castigador · resign |
[ AI ANALYSIS · 1 CREDIT ]
What really happened in this match?
Wolo.gg analyzes every decision: build order, eco, micro, common mistakes by bracket. Personalized analysis on WhatsApp or Discord in 30 seconds.
Civ guide
Bohemians
Perfil
Jugador #4576272